2912 views
Uploaded 2019-12-28 15:04:17
Game version 1.32.0.4
87:39 long 2on2 ladder game on (4)TidewaterGlades_LV
Saved by BEARAND
2912 views
Uploaded 2019-12-28 15:04:17
Game version 1.32.0.4
87:39 long 2on2 ladder game on (4)TidewaterGlades_LV


50 units @ 5.3k
/ 0.6k
126 buildings @ 11k
/ 6k
IcebergSlim
(87:56) : 

x1)
| Healing Salve | 2 | 200 |
| Orb of Lightning | 1 | 375 |
| Boots of Speed | 2 | 500 |
| Staff of Teleportation | 2 | 300 |
| Tome of Retraining | 1 | 300 |
| total: | 8 | 1675g |
| Peon | 14 | 1050 | / | 0 |
| Troll Batrider | 13 | 2080 | / | 520 |
| total: | 27 | 3130g | / | 520w |
| Watch Tower | 23 | 2530 | / | 1840 |
| Altar of Storms | 1 | 180 | / | 50 |
| Orc Burrow | 4 | 640 | / | 160 |
| War Mill | 1 | 205 | / | 0 |
| Voodoo Lounge | 2 | 260 | / | 60 |
| Beastiary | 2 | 290 | / | 280 |
| Stronghold | 1 | 315 | / | 190 |
| Fortress | 1 | 325 | / | 190 |
| total: | 33 | 4105g | / | 2390w |
| 0:03 | Peon |
| 0:03 | Peon |
| 0:08 | Altar of Storms |
| 0:11 | Peon |
| 0:19 | Orc Burrow |
| 0:38 | Peon |
| 0:47 | War Mill |
| 0:53 | Peon |
| 1:09 | Voodoo Lounge |
| 1:16 | Peon |
| 1:33 | Peon |
| 1:40 | Orc Burrow |
| 1:46 | Peon |
| 2:08 | Watch Tower |
| 2:12 | Wind Walk |
| 2:14 | Healing Salve |
| 2:28 | Peon |
| 2:32 | Watch Tower |
| 2:40 | Peon |
| 2:45 | Watch Tower |
| 3:25 | Watch Tower |
| 3:29 | Peon |
| 3:30 | Peon |
| 3:42 | Boots of Speed |
| 3:49 | Staff of Teleportation |
| 4:00 | Peon |
| 4:32 | Stronghold |
| 4:51 | Watch Tower |
| 5:25 | Watch Tower |
| 5:29 | Watch Tower |
| 5:44 | Watch Tower |
| 6:02 | Watch Tower |
| 6:43 | Critical Strike |
| 6:52 | Watch Tower |
| 7:13 | Watch Tower |
| 7:17 | Peon |
| 7:22 | Beastiary |
| 7:55 | Watch Tower |
| 8:14 | Voodoo Lounge |
| 8:19 | Healing Wave |
| 8:22 | Healing Salve |
| 8:29 | Watch Tower |
| 8:31 | Spiked Barricades |
| 8:32 | Reinforced Defenses |
| 8:50 | Fortress |
| 9:00 | Watch Tower |
| 9:03 | Watch Tower |
| 9:37 | Watch Tower |
| 9:41 | Orc Burrow |
| 9:49 | Orc Burrow |
| 10:12 | Wind Walk |
| 10:19 | Watch Tower |
| 10:23 | Watch Tower |
| 10:49 | Hex |
| 11:03 | Boots of Speed |
| 11:04 | Staff of Teleportation |
| 11:32 | Watch Tower |
| 11:35 | Watch Tower |
| 11:53 | Watch Tower |
| 11:54 | Liquid Fire |
| 12:34 | Beastiary |
| 12:39 | Troll Batrider |
| 12:41 | Steel Ranged Weapons |
| 12:41 | Improved Spiked Barricades |
| 12:53 | Watch Tower |
| 12:56 | Watch Tower |
| 13:13 | Troll Batrider |
| 13:45 | Troll Batrider |
| 13:47 | Troll Batrider |
| 13:48 | Thorium Ranged Weapons |
| 14:31 | Troll Batrider |
| 14:32 | Troll Batrider |
| 15:12 | Troll Batrider |
| 15:13 | Troll Batrider |
| 16:19 | Arcanite Ranged Weapons |
| 19:44 | Troll Batrider |
| 19:46 | Steel Armor |
| 20:32 | Troll Batrider |
| 20:32 | Troll Batrider |
| 20:34 | Troll Batrider |
| 20:34 | Troll Batrider |
| 22:31 | Critical Strike |
| 23:47 | Tome of Retraining |
| 23:47 | Retrain Hero |
| 26:24 | Orb of Lightning |
| 30:53 | Critical Strike |
| 35:33 | Healing Wave |
| 46:39 | Bladestorm |
| 58:01 | Wind Walk |
| 70:07 | Mirror Image |
| Right click | 10656 |
| Select | 1001 |
| Select group | 406 |
| Build/train/purchase | 305 |
| Misc. action | 113 |
| Use ability | 108 |
| Resource trade | 18 |
| Assign group | 8 |
| Item give/drop | 6 |
| Chat | 4 |
| Esc | 3 |
| Minimap ping | 3 |



| Lesser Clarity Potion | 2 | 140 |
| Staff of Sanctuary | 4 | 1000 |
| Boots of Speed | 4 | 1000 |
| Staff of Teleportation | 3 | 450 |
| Healing Salve | 1 | 100 |
| total: | 14 | 2690g |
| Peasant | 19 | 1425 | / | 0 |
| Priest | 1 | 135 | / | 10 |
| Dragonhawk Rider | 3 | 600 | / | 90 |
| total: | 23 | 2160g | / | 100w |
| Scout Tower | 68 | 2040 | / | 1360 |
| Arcane Tower | 4 | 280 | / | 200 |
| Guard Tower | 38 | 2660 | / | 1900 |
| Altar of Kings | 2 | 360 | / | 100 |
| Farm | 7 | 560 | / | 140 |
| Lumber Mill | 1 | 120 | / | 0 |
| Arcane Vault | 3 | 390 | / | 90 |
| Blacksmith | 1 | 140 | / | 60 |
| Barracks | 2 | 320 | / | 120 |
| Town Hall | 7 | 2695 | / | 1435 |
| Arcane Sanctum | 1 | 150 | / | 140 |
| Gryphon Aviary | 1 | 140 | / | 150 |
| Keep | 1 | 320 | / | 210 |
| Castle | 1 | 360 | / | 210 |
| total: | 93 | 6915g | / | 3595w |
| 0:02 | Peasant |
| 0:07 | Altar of Kings |
| 0:12 | Peasant |
| 0:19 | Farm |
| 0:24 | Peasant |
| 0:28 | Scout Tower |
| 0:30 | Farm |
| 0:37 | Peasant |
| 0:49 | Peasant |
| 1:06 | Peasant |
| 1:07 | Peasant |
| 1:12 | Peasant |
| 1:15 | Scout Tower |
| 1:20 | Lumber Mill |
| 1:23 | Peasant |
| 1:31 | Scout Tower |
| 1:34 | Arcane Tower |
| 1:41 | Scout Tower |
| 1:50 | Peasant |
| 2:04 | Peasant |
| 2:06 | Summon Water Elemental |
| 2:17 | Scout Tower |
| 2:26 | Guard Tower |
| 2:39 | Guard Tower |
| 2:41 | Scout Tower |
| 2:41 | Scout Tower |
| 2:42 | Scout Tower |
| 2:42 | Scout Tower |
| 2:51 | Arcane Vault |
| 3:04 | Guard Tower |
| 3:05 | Peasant |
| 3:05 | Peasant |
| 3:05 | Peasant |
| 3:26 | Improved Masonry |
| 3:35 | Healing Salve |
| 3:43 | Guard Tower |
| 3:47 | Keep |
| 4:01 | Guard Tower |
| 4:22 | Guard Tower |
| 4:24 | Farm |
| 4:26 | Farm |
| 4:46 | Guard Tower |
| 4:53 | Lesser Clarity Potion |
| 4:54 | Lesser Clarity Potion |
| 5:57 | Brilliance Aura |
| 6:11 | Boots of Speed |
| 6:11 | Staff of Teleportation |
| 7:11 | Castle |
| 7:15 | Advanced Masonry |
| 7:15 | Improved Lumber Harvesting |
| 7:19 | Storm Bolt |
| 8:02 | Scout Tower |
| 8:03 | Scout Tower |
| 8:03 | Scout Tower |
| 8:04 | Scout Tower |
| 8:04 | Scout Tower |
| 8:53 | Arcane Vault |
| 8:58 | Arcane Vault |
| 9:01 | Guard Tower |
| 9:58 | Bash |
| 10:01 | Imbued Masonry |
| 10:01 | Advanced Lumber Harvesting |
| 10:03 | Guard Tower |
| 10:05 | Arcane Sanctum |
| 10:07 | Summon Water Elemental |
| 10:30 | Scout Tower |
| 10:30 | Scout Tower |
| 10:31 | Scout Tower |
| 10:32 | Scout Tower |
| 10:35 | Guard Tower |
| 10:37 | Scout Tower |
| 10:37 | Scout Tower |
| 10:38 | Scout Tower |
| 10:39 | Scout Tower |
| 10:49 | Peasant |
| 10:49 | Peasant |
| 10:49 | Peasant |
| 10:49 | Peasant |
| 10:59 | Holy Light |
| 11:04 | Staff of Sanctuary |
| 11:20 | Magic Sentry |
| 11:21 | Priest |
| 11:27 | Staff of Teleportation |
| 11:27 | Boots of Speed |
| 11:39 | Boots of Speed |
| 11:50 | Arcane Tower |
| 11:51 | Guard Tower |
| 12:23 | Scout Tower |
| 12:24 | Scout Tower |
| 12:25 | Scout Tower |
| 12:26 | Scout Tower |
| 12:26 | Scout Tower |
| 12:30 | Gryphon Aviary |
| 12:38 | Arcane Tower |
| 12:39 | Guard Tower |
| 12:40 | Guard Tower |
| 13:28 | Boots of Speed |
| 13:30 | Staff of Teleportation |
| 13:50 | Staff of Sanctuary |
| 14:07 | Farm |
| 14:08 | Farm |
| 14:09 | Farm |
| 14:46 | Guard Tower |
| 15:06 | Scout Tower |
| 15:07 | Scout Tower |
| 15:07 | Scout Tower |
| 15:08 | Scout Tower |
| 15:08 | Scout Tower |
| 15:09 | Scout Tower |
| 15:09 | Scout Tower |
| 15:10 | Scout Tower |
| 15:11 | Scout Tower |
| 15:11 | Scout Tower |
| 15:12 | Scout Tower |
| 15:12 | Scout Tower |
| 15:13 | Scout Tower |
| 15:35 | Guard Tower |
| 15:42 | Guard Tower |
| 15:55 | Dragonhawk Rider |
| 16:01 | Guard Tower |
| 16:08 | Scout Tower |
| 16:09 | Scout Tower |
| 16:09 | Scout Tower |
| 16:10 | Scout Tower |
| 16:16 | Scout Tower |
| 16:17 | Scout Tower |
| 16:18 | Guard Tower |
| 16:41 | Guard Tower |
| 16:51 | Guard Tower |
| 16:55 | Scout Tower |
| 17:00 | Scout Tower |
| 17:01 | Scout Tower |
| 17:09 | Scout Tower |
| 17:09 | Scout Tower |
| 17:33 | Guard Tower |
| 17:37 | Guard Tower |
| 18:04 | Scout Tower |
| 18:05 | Scout Tower |
| 18:07 | Scout Tower |
| 18:10 | Staff of Sanctuary |
| 18:21 | Guard Tower |
| 18:25 | Dragonhawk Rider |
| 18:28 | Blacksmith |
| 18:32 | Guard Tower |
| 18:42 | Guard Tower |
| 19:02 | Barracks |
| 19:25 | Town Hall |
| 19:31 | Scout Tower |
| 19:34 | Scout Tower |
| 19:35 | Scout Tower |
| 19:40 | Scout Tower |
| 20:01 | Barracks |
| 20:04 | Dragonhawk Rider |
| 20:08 | Guard Tower |
| 20:44 | Town Hall |
| 21:06 | Scout Tower |
| 21:08 | Scout Tower |
| 21:20 | Animal War Training |
| 21:34 | Guard Tower |
| 22:02 | Guard Tower |
| 22:37 | Town Hall |
| 24:01 | Blizzard |
| 24:01 | Brilliance Aura |
| 24:01 | Blizzard |
| 24:18 | Divine Shield |
| 24:46 | Town Hall |
| 25:23 | Storm Bolt |
| 26:05 | Town Hall |
| 28:06 | Town Hall |
| 28:45 | Brilliance Aura |
| 31:53 | Holy Light |
| 33:21 | Staff of Sanctuary |
| 33:34 | Peasant |
| 33:38 | Scout Tower |
| 33:38 | Scout Tower |
| 34:03 | Scout Tower |
| 34:03 | Scout Tower |
| 34:08 | Scout Tower |
| 34:08 | Scout Tower |
| 34:09 | Guard Tower |
| 35:24 | Bash |
| 35:55 | Town Hall |
| 39:10 | Guard Tower |
| 39:11 | Guard Tower |
| 39:13 | Scout Tower |
| 39:14 | Scout Tower |
| 43:14 | Brilliance Aura |
| 51:53 | Divine Shield |
| 64:36 | Storm Bolt |
| 84:54 | Altar of Kings |
| Right click | 10111 |
| Select | 1996 |
| Select group | 1490 |
| Build/train/purchase | 475 |
| Use ability | 382 |
| Chat | 38 |
| Minimap ping | 35 |
| Assign group | 26 |
| Item give/drop | 18 |
| Misc. action | 14 |
| Remove unit | 1 |
149 units @ 23k
/ 4k
73 buildings @ 12.2k
/ 5.7k



| Wisp | 60 | 3600 | / | 0 |
| Archer | 18 | 2340 | / | 180 |
| Dryad | 4 | 580 | / | 240 |
| Mountain Giant | 1 | 350 | / | 100 |
| Chimaera | 16 | 5280 | / | 1120 |
| Glaive Thrower | 3 | 630 | / | 195 |
| Huntress | 3 | 585 | / | 60 |
| Goblin Shredder | 2 | 750 | / | 200 |
| total: | 107 | 14115g | / | 2095w |
| Ancient Protector | 8 | 1080 | / | 640 |
| Altar of Elders | 3 | 540 | / | 150 |
| Moon Well | 14 | 2520 | / | 560 |
| Ancient of War | 3 | 450 | / | 180 |
| Hunter's Hall | 2 | 420 | / | 200 |
| Ancient of Wonders | 3 | 270 | / | 90 |
| Tree of Life | 5 | 1700 | / | 925 |
| Ancient of Lore | 3 | 465 | / | 435 |
| Chimaera Roost | 4 | 560 | / | 760 |
| Tree of Ages | 3 | 960 | / | 540 |
| Tree of Eternity | 2 | 660 | / | 400 |
| total: | 45 | 8005g | / | 3940w |
| 0:03 | Wisp |
| 0:03 | Wisp |
| 0:07 | Altar of Elders |
| 0:19 | Moon Well |
| 0:24 | Wisp |
| 0:41 | Ancient of War |
| 0:48 | Wisp |
| 1:03 | Wisp |
| 1:06 | Wisp |
| 1:07 | Wisp |
| 1:36 | Moon Well |
| 1:38 | Wisp |
| 1:44 | Archer |
| 1:48 | Wisp |
| 2:00 | Wisp |
| 2:02 | Wisp |
| 2:29 | Evasion |
| 3:09 | Tree of Ages |
| 3:12 | Moon Well |
| 3:19 | Archer |
| 3:29 | Hunter's Hall |
| 3:39 | Archer |
| 4:02 | Archer |
| 4:04 | Mana Burn |
| 4:13 | Moon Well |
| 4:37 | Ancient of Wonders |
| 4:43 | Ancient of Wonders |
| 5:20 | Ancient of Wonders |
| 5:31 | Wisp |
| 5:31 | Wisp |
| 5:33 | Ancient of Lore |
| 5:34 | Ancient of Lore |
| 5:38 | Ancient of Lore |
| 6:02 | Wisp |
| 6:02 | Wisp |
| 6:16 | Mana Burn |
| 6:42 | Tree of Eternity |
| 6:47 | Dryad |
| 6:59 | Abolish Magic |
| 7:25 | Summon Lava Spawn |
| 7:42 | Goblin Shredder |
| 7:50 | Dryad |
| 8:31 | Dryad |
| 8:34 | Dryad |
| 9:07 | Hardened Skin |
| 9:09 | Mountain Giant |
| 9:46 | Tree of Life |
| 10:34 | Incinerate |
| 11:22 | Tree of Life |
| 11:26 | Tree of Life |
| 11:34 | Moon Well |
| 11:36 | Wisp |
| 11:36 | Wisp |
| 12:27 | Chimaera Roost |
| 12:31 | Chimaera Roost |
| 12:33 | Wisp |
| 12:34 | Wisp |
| 13:07 | Tree of Life |
| 13:13 | Wisp |
| 13:13 | Wisp |
| 13:23 | Strength of the Wild |
| 13:39 | Wisp |
| 13:39 | Wisp |
| 13:40 | Wisp |
| 13:45 | Goblin Shredder |
| 13:57 | Moon Well |
| 14:07 | Ancient Protector |
| 14:12 | Ancient Protector |
| 14:45 | Wisp |
| 14:46 | Wisp |
| 14:46 | Wisp |
| 15:05 | Chimaera |
| 15:13 | Wisp |
| 15:21 | Wisp |
| 15:21 | Wisp |
| 15:32 | Corrosive Breath |
| 15:44 | Ancient Protector |
| 15:47 | Wisp |
| 15:52 | Wisp |
| 15:52 | Wisp |
| 15:52 | Wisp |
| 15:52 | Wisp |
| 15:52 | Wisp |
| 15:53 | Wisp |
| 15:59 | Chimaera |
| 16:09 | Ancient of War |
| 16:19 | Ancient of War |
| 16:23 | Wisp |
| 16:23 | Wisp |
| 16:31 | Ancient Protector |
| 16:57 | Wisp |
| 16:57 | Wisp |
| 16:58 | Wisp |
| 16:58 | Wisp |
| 16:59 | Wisp |
| 17:45 | Chimaera |
| 18:06 | Archer |
| 18:09 | Archer |
| 18:23 | Tree of Ages |
| 18:25 | Ancient Protector |
| 18:32 | Ancient Protector |
| 18:34 | Ancient Protector |
| 18:35 | Ancient Protector |
| 19:38 | Tree of Life |
| 19:42 | Moon Well |
| 19:43 | Moon Well |
| 19:44 | Moon Well |
| 19:47 | Moon Well |
| 20:42 | Moon Well |
| 20:43 | Moon Well |
| 21:27 | Moon Well |
| 21:33 | Moon Well |
| 22:34 | Altar of Elders |
| 22:48 | Wisp |
| 23:15 | Archer |
| 23:16 | Archer |
| 23:20 | Archer |
| 23:24 | Wisp |
| 23:31 | Hunter's Hall |
| 23:53 | Archer |
| 23:54 | Archer |
| 23:56 | Archer |
| 24:22 | Archer |
| 24:24 | Archer |
| 24:26 | Archer |
| 24:43 | Tree of Ages |
| 25:06 | Archer |
| 25:08 | Archer |
| 25:11 | Archer |
| 27:38 | Evasion |
| 28:09 | Glaive Thrower |
| 28:12 | Glaive Thrower |
| 28:14 | Glaive Thrower |
| 28:17 | Tree of Eternity |
| 29:40 | Huntress |
| 29:42 | Huntress |
| 29:44 | Huntress |
| 31:21 | Chimaera Roost |
| 31:22 | Wisp |
| 31:22 | Wisp |
| 31:45 | Reinforced Hides |
| 31:48 | Chimaera Roost |
| 32:48 | Chimaera |
| 32:49 | Improved Reinforced Hides |
| 33:19 | Chimaera |
| 33:26 | Chimaera |
| 33:29 | Frost Arrows |
| 37:00 | Soul Burn |
| 37:35 | Chimaera |
| 38:55 | Chimaera |
| 40:12 | Chimaera |
| 41:12 | Chimaera |
| 42:03 | Chimaera |
| 43:18 | Chimaera |
| 43:38 | Improved Strength of the Wild |
| 45:08 | Chimaera |
| 51:13 | Forked Lightning |
| 60:16 | Wisp |
| 60:55 | Wisp |
| 60:55 | Wisp |
| 63:00 | Wisp |
| 63:57 | Chimaera |
| 64:12 | Chimaera |
| 65:36 | Wisp |
| 65:36 | Wisp |
| 68:30 | Wisp |
| 69:04 | Wisp |
| 69:04 | Wisp |
| 69:05 | Wisp |
| 69:05 | Wisp |
| 69:34 | Wisp |
| 69:52 | Altar of Elders |
| 71:29 | Chimaera |
| 82:18 | Soul Burn |
| Right click | 5783 |
| Select group | 1364 |
| Select | 1197 |
| Build/train/purchase | 425 |
| Resource trade | 154 |
| Use ability | 99 |
| Assign group | 54 |
| Chat | 30 |
| Minimap ping | 16 |
| Misc. action | 8 |
| Item give/drop | 7 |
| Remove unit | 4 |



| Rod of Necromancy | 2 | 300 |
| Potion of Healing | 1 | 150 |
| Scroll of Healing | 1 | 250 |
| Dust of Appearance | 1 | 75 |
| Potion of Lesser Invulnerability | 1 | 150 |
| total: | 6 | 925g |
| Acolyte | 8 | 600 | / | 0 |
| Ghoul | 3 | 360 | / | 0 |
| Crypt Fiend | 6 | 1290 | / | 240 |
| Frost Wyrm | 6 | 2310 | / | 720 |
| Meat Wagon | 18 | 4140 | / | 900 |
| Obsidian Statue | 1 | 200 | / | 35 |
| total: | 42 | 8900g | / | 1895w |
| Nerubian Tower | 2 | 200 | / | 40 |
| Spirit Tower | 6 | 870 | / | 240 |
| Crypt | 1 | 200 | / | 50 |
| Graveyard | 1 | 215 | / | 0 |
| Ziggurat | 17 | 2550 | / | 850 |
| Altar of Darkness | 1 | 180 | / | 50 |
| Tomb of Relics | 2 | 260 | / | 60 |
| Necropolis | 1 | 225 | / | 0 |
| Sacrificial Pit | 2 | 150 | / | 300 |
| Slaughterhouse | 2 | 280 | / | 270 |
| Boneyard | 1 | 175 | / | 200 |
| Halls of the Dead | 2 | 640 | / | 420 |
| Black Citadel | 1 | 325 | / | 230 |
| total: | 28 | 4235g | / | 1780w |
| 0:04 | Acolyte |
| 0:08 | Crypt |
| 0:14 | Graveyard |
| 0:17 | Acolyte |
| 0:26 | Ziggurat |
| 0:49 | Altar of Darkness |
| 1:02 | Tomb of Relics |
| 1:25 | Ghoul |
| 1:34 | Ziggurat |
| 1:38 | Nerubian Tower |
| 1:59 | Crypt Fiend |
| 2:23 | Crypt Fiend |
| 2:55 | Rod of Necromancy |
| 3:06 | Death Coil |
| 3:07 | Crypt Fiend |
| 3:18 | Ziggurat |
| 3:43 | Crypt Fiend |
| 4:13 | Ghoul |
| 4:23 | Halls of the Dead |
| 4:28 | Unholy Aura |
| 4:51 | Ghoul |
| 5:12 | Crypt Fiend |
| 5:25 | Creature Attack |
| 6:17 | Rod of Necromancy |
| 6:50 | Black Citadel |
| 7:18 | Sacrificial Pit |
| 7:22 | Creature Carapace |
| 7:44 | Burrow |
| 7:46 | Ziggurat |
| 7:55 | Frost Nova |
| 8:04 | Death Coil |
| 8:23 | Crypt Fiend |
| 9:28 | Scroll of Healing |
| 9:29 | Potion of Lesser Invulnerability |
| 9:51 | Boneyard |
| 9:53 | Improved Creature Attack |
| 9:57 | Web |
| 11:08 | Ziggurat |
| 11:34 | Acolyte |
| 11:46 | Advanced Creature Attack |
| 11:48 | Ziggurat |
| 11:52 | Freezing Breath |
| 12:15 | Frost Armor |
| 12:26 | Necropolis |
| 12:48 | Unholy Aura |
| 12:51 | Frost Nova |
| 12:57 | Sleep |
| 13:14 | Frost Wyrm |
| 13:36 | Improved Creature Carapace |
| 14:00 | Acolyte |
| 14:00 | Acolyte |
| 14:00 | Acolyte |
| 14:02 | Ziggurat |
| 14:03 | Ziggurat |
| 14:07 | Ziggurat |
| 14:58 | Nerubian Tower |
| 15:00 | Spirit Tower |
| 15:12 | Tomb of Relics |
| 15:14 | Acolyte |
| 15:32 | Dust of Appearance |
| 15:38 | Ziggurat |
| 15:44 | Acolyte |
| 16:21 | Frost Wyrm |
| 16:30 | Spirit Tower |
| 16:53 | Spirit Tower |
| 18:11 | Frost Wyrm |
| 18:29 | Slaughterhouse |
| 19:11 | Spirit Tower |
| 19:13 | Spirit Tower |
| 19:15 | Spirit Tower |
| 19:20 | Ziggurat |
| 19:23 | Ziggurat |
| 19:44 | Meat Wagon |
| 19:45 | Meat Wagon |
| 19:50 | Slaughterhouse |
| 20:00 | Unholy Strength |
| 20:33 | Vampiric Aura |
| 20:43 | Meat Wagon |
| 21:03 | Meat Wagon |
| 21:06 | Improved Unholy Strength |
| 21:10 | Exhume Corpses |
| 21:15 | Ziggurat |
| 21:51 | Meat Wagon |
| 25:10 | Obsidian Statue |
| 25:22 | Ziggurat |
| 25:24 | Ziggurat |
| 25:26 | Ziggurat |
| 25:38 | Ziggurat |
| 28:11 | Meat Wagon |
| 28:11 | Meat Wagon |
| 28:12 | Frost Wyrm |
| 29:02 | Meat Wagon |
| 29:14 | Sacrificial Pit |
| 29:44 | Advanced Unholy Strength |
| 36:13 | Meat Wagon |
| 36:15 | Frost Wyrm |
| 38:20 | Meat Wagon |
| 38:22 | Frost Wyrm |
| 42:42 | Meat Wagon |
| 51:31 | Frost Armor |
| 53:09 | Sleep |
| 71:44 | Meat Wagon |
| 73:43 | Meat Wagon |
| 74:46 | Meat Wagon |
| 76:51 | Potion of Healing |
| 77:34 | Meat Wagon |
| 77:37 | Unholy Armor |
| 78:43 | Meat Wagon |
| 82:10 | Meat Wagon |
| 82:11 | Meat Wagon |
| Right click | 3579 |
| Select group | 1220 |
| Select | 1145 |
| Build/train/purchase | 133 |
| Use ability | 133 |
| Assign group | 86 |
| Misc. action | 37 |
| Chat | 31 |
| Item give/drop | 11 |
| Resource trade | 11 |
| Minimap ping | 3 |
| Remove unit | 1 |